 Dungeon Crawl Stone Soup version 0.28-a0-199-g298df9dbad (webtiles) character file.

Game seed: 2466955639820662753

65 bande the Covered (level 4, 0/29 HPs)
             Began as a Gargoyle Fighter on Aug 19, 2021.
             Killed by nerve-wracking pain
             ... invoked by a shadow imp
             ... summoned by Natasha
              (3 damage)
             ... on level 2 of the Dungeon.
             The game lasted 00:01:25 (894 turns).

bande the Covered (Gargoyle Fighter)                 Turns: 894, Time: 00:01:25

Health: 0/29       AC: 10    Str: 20    XL:     4   Next: 13%
Magic:  4/4        EV:  7    Int:  8    God:
Gold:   17         SH:  8    Dex: 10    Spells: 3/3 levels left

rFire   . . .      SeeInvis .   a - +0 war axe
rCold   . . .      Faith    .   c - +0 kite shield
rNeg    + . .      Spirit   .   b - +0 scale mail
rPois   ∞          Reflect  .   (no helmet)
rElec   +          Harm     .   (no cloak)
rCorr   .          Rampage  .   (no gloves)
Will    .....                   (no boots)
Stlth   ..........              (no amulet)
HPRegen 0.09/turn               (no ring)
MPRegen 0.09/turn               (no ring)

@: no status effects
A: sickness immunity, AC +3, negative energy resistance 1, electricity
resistance, torment resistance 1, petrification resistance
a: no special abilities


You were on level 2 of the Dungeon.
You visited 1 branch of the dungeon, and saw 2 of its levels.

You collected 17 gold pieces.

Inventory:

Hand Weapons
 a - a +0 war axe (weapon)
Armour
 b - a +0 scale mail (worn)
 c - a +0 kite shield (worn)
Potions
 d - a potion of might
 e - 2 potions of brilliance {unknown}


   Skills:
 + Level 3.6 Fighting
 + Level 2.6 Axes
 + Level 3.7 Armour
 + Level 0.9 Dodging
 + Level 3.7 Shields


You had 3 spell levels left.
You didn't know any spells.
Your spell library was empty.

Dungeon Overview and Level Annotations

Branches:
Dungeon (2/15)

Altars:

Annotations:
D:2 Natasha


Innate Abilities, Weirdness & Mutations

You are immune to sickness and miasma.
Your stone body is resilient. (AC +3)
You are immune to poison.
You resist negative energy. (rN+)
You are resistant to electric shocks. (rElec)
You are resistant to unholy torment.
You are immune to petrification.


Message History

Natasha moves out of view.
You start resting.
Natasha is nearby!
Natasha hisses angrily.
Things that are here:
an adder corpse; a bat corpse You closely miss Natasha.
Natasha mumbles some strange words.
Natasha claws you but does no damage.
You closely miss Natasha. You hit the shadow imp. Natasha claws you.
The shadow imp hits you but does no damage.
You slash Natasha!
Natasha is heavily wounded.
You hit the shadow imp. You block Natasha's attack.
The shadow imp hits you but does no damage.
Natasha mewls in sadness.
Natasha claws you!
The shadow imp hits you but does no damage.
You closely miss Natasha.
Natasha is heavily wounded.
You hit the shadow imp but do no damage.
Natasha claws you.
The shadow imp hits you but does no damage.
You closely miss Natasha.
Natasha is heavily wounded.
You barely miss the shadow imp.
Natasha casts a spell.
The shadow imp hits you but does no damage.
Natasha mumbles some strange words.
You feel troubled. Natasha claws you. The shadow imp gestures at you.
Pain shoots through your body!
* * * LOW HITPOINT WARNING * * *
You closely miss Natasha.
Natasha is heavily wounded.
You closely miss the shadow imp. Natasha claws you but does no damage.
The shadow imp gestures at you. Pain shoots through your body!
You die...

#.####.....#
#.#....##..#
##.#.#####.## ##....#
#.# ##...### #.# #..#.#
#.# #5##.#######.#
#####h##......##.#
##...)@##......#..#
##......5#......#.##
#.................#
#............#....######
#.........####..........
#.........# #.####..###
#.........# #.#####..##
##.$........ ...........
.......(.####.#########


You could see Natasha, a white imp (summoned) and a shadow imp (summoned).

Vanquished Creatures
  Natasha (D:2)
  An adder (D:2)
  2 dart slugs
  A bat (D:2)
  A giant cockroach (D:2)
  4 goblins
  3 hobgoblins (D:1)
  3 jackals (D:2)
  A quokka (D:1)
  A ball python (D:2)
  3 frilled lizards (D:1)
  2 kobolds (D:1)
  3 rats (D:1)
26 creatures vanquished.

Notes
Turn   | Place    | Note
-------+----------+-------------------------------------------
     0 | D:1      | bande the Gargoyle Fighter began the quest for the Orb.
     0 | D:1      | Reached XP level 1. HP: 14/14 MP: 1/1
   310 | D:1      | Reached XP level 2. HP: 19/19 MP: 2/2
   774 | D:2      | Reached XP level 3. HP: 23/23 MP: 3/3
   838 | D:2      | Noticed Natasha
   858 | D:2      | Killed Natasha
   859 | D:2      | Reached XP level 4. HP: 19/29 MP: 4/4
   871 | D:2      | Noticed Natasha
   894 | D:2      | Killed from afar by a shadow imp

Illustrated notes

Levels and vault maps discovered:
D:1:      sevenhm_arrival_forest_fort_small_4, layout_loops_ring
D:2:      layout_rooms, shapermc_ecumenical_altar_flowoftime, minmay_bisected,
          uniq_robin, uniq_natasha

Skill      XL: |  1  2 |
---------------+-------+-----
Axes           | 2 |  2.6
Fighting       | |  3.6
Armour         | |  3.7
Dodging        | |  0.9
Shields        | |  3.7

Action                   |  1- 3 |  4- 6 || total
-------------------------+-------+-------++-------
Melee: War axe           |    66 |     6 ||    72
  Use: Scroll            |     3 |       ||     3
Armor: Scale mail        |    30 |     7 ||    37
Dodge: Dodged            |    27 |       ||    27
Block: Kite shield       |    34 |     1 ||    35

Table legend: (Time is in decaauts)
 A = Elapsed time spent in this place.
 B = Non-inter-level travel time spent in this place.
 C = Inter-level travel time spent in this place.
 D = Time resting spent in this place.
 E = Time spent auto-exploring this place.
 F = Levels seen in this place.
 G = Mean time per level.
                   A        B        C        D        E       F      G
               +--------+--------+--------+--------+--------+-----+--------+
         Total |    942 |    942 |      0 |     29 |    688 |   2 |  471.0 |
       Dungeon |    942 |    942 |      0 |     29 |    688 |   2 |  471.0 |
               +--------+--------+--------+--------+--------+-----+--------+

Top non-repeatable levels by time:
     D:1: 767 daAuts
     D:2: 175 daAuts
